AoeStats
← Caramiiel

Arabia

508234179Analyzed
1v1 RM · 11d ago on Sep 21, 2026· 54m 48s· 2 players
Game mode
Random Map
Map size
Tiny (2 player)
Population
200
Speed
Normal
Resources
Standard
Victory
Conquest
Starting age
Dark Age
Ending age
Imperial Age
RankedLock teamsTeams togetherTeam positionsShared explorationLock speedFull tech treeHidden civsTurbo modeCheats
Victory
Defeat
🇫🇷 Celts · France
939
+16
🇮🇳 Hindustanis · India
949
-16
Caramiiel
2:33 Loom
14:30 Feudal Age
17:34 Wheelbarrow
17:47 Double-Bit Axe
17:46 Horse Collar
18:04 Gold Mining
20:44 Castle Age
18:55 Scale Barding Armor
20:01 Forging
22:29 Iron Casting
23:10 Bow Saw
33:53 Hand Cart
33:44 Heavy Plow
34:22 Gold Shaft Mining
33:38 Stone Mining
40:10 Imperial Age
37:45 Scale Mail Armor
38:40 Stone Shaft Mining
40:23 Capped Ram
41:18 Siege Ram
42:05 Heavy Scorpion
42:11 Pikeman
44:15 Blast Furnace
43:30 Chain Mail Armor
44:31 Chemistry
43:09 Halberdier
43:36 Arson
50:38 Plate Mail Armor
49:48 Cavalier
52:15 Chain Barding Armor
52:15 Paladin
55:07 Husbandry
BHAIRAV
1:17 Loom
10:48 Feudal Age
18:00 Horse Collar
19:19 Fletching
22:53 Double-Bit Axe
25:17 Castle Age
23:36 Stone Mining
24:18 Padded Archer Armor
25:58 Double-Bit Axe
26:12 Bodkin Arrow
30:44 Thumb Ring
32:33 Crossbowman
35:06 Husbandry
35:58 Stone Shaft Mining
35:13 Gold Mining
36:46 Murder Holes
37:01 Masonry
39:41 Wheelbarrow
38:51 Town Watch
39:23 Heavy Plow
39:53 Gold Mining
40:57 Bow Saw
43:38 Imperial Age
42:21 Bloodlines
43:01 Forging
43:02 Scale Barding Armor
43:45 Leather Archer Armor
43:57 Ballistics
43:34 Light Cavalry
44:55 Iron Casting
44:58 Bracer
45:19 Chain Barding Armor
45:54 Hoardings
46:34 Hussar
56:18 Chemistry
Connection lost

Rejoining the realm…

Still unreachable

The connection could not be restored.

Session expired

The server has moved on; the page needs a fresh start.